[Event "ICC tourney 2128 (3 2)"]
[Site "Internet Chess Club"]
[Date "2020.11.13"]
[Round "11"]
[White "A4-H5"]
[Black "jpbaligad"]
[Result "1-0"]
[ICCResult "Black resigns"]
[WhiteElo "1832"]
[BlackElo "1367"]
[Opening "Bird's opening"]
[ECO "A03"]
[NIC "VO.07"]
[Time "22:16:26"]
[TimeControl "180+2"]

1. f4 d5 2. Nf3 b6 3. b3 Nf6 4. Bb2 g6 5. e3 Bg7 6. Bd3 Bb7 7. O-O Nbd7 8.
Qe1 e6 9. Qh4 Qe7 10. Nc3 O-O-O 11. Ne5 Rde8 12. Nb5 Kb8 13. Nd4 Nxe5 14.
fxe5 Nd7 15. Qxe7 Rxe7 16. Nf3 a6 17. Ba3 c5 18. Bb2 f5 19. a4 Rc8 20. Be2
c4 21. Bd4 cxb3 22. cxb3 Nc5 23. b4 Nb3 24. Rab1 Nxd4 25. exd4 Rec7 26. Bd3
Bh6 27. Rf2 Ka7 28. g3 Rc1+ 29. Rf1 Rxf1+ 30. Kxf1 Rc7 31. Ke2 Bc8 32. h3
Bd7 33. b5 axb5 34. axb5 Kb7 35. g4 fxg4 36. hxg4 Be8 37. g5 Bf8 38. Rh1 Rf7
39. Rh3 Be7 40. Kd1 Bd7 41. Kc2 Be8 42. Be2 Bd8 43. Kd1 Bc7 44. Ne1 Bd8 45.
Nf3 Kb8 46. Rg3 Ra7 47. Bd3 Ra5 48. Rh3 Bxb5 49. Bxb5 Rxb5 50. Rxh7 Rb3 51.
Ke2 b5 52. Rg7 b4 53. Rxg6 Rxf3 54. Kxf3 b3 55. Rh6 Bxg5 56. Rh1 Bxd2 57.
Rb1 Kc8 58. Rxb3 Bc1 59. Kg4 Kd7 60. Kh5 Be3 61. Rxe3 {Black resigns} 1-0

[Event "ICC tourney 2128 (3 2)"]
[Site "Internet Chess Club"]
[Date "2020.11.13"]
[Round "11"]
[White "yogokings12"]
[Black "SBomm18"]
[Result "1-0"]
[ICCResult "Black forfeits on time"]
[WhiteElo "1569"]
[BlackElo "1769"]
[Opening "Sicilian: Najdorf, Göteborg (Argentine) variation"]
[ECO "B98"]
[NIC "SI.09"]
[Time "22:16:19"]
[TimeControl "180+2"]

1. e4 c5 2. Nf3 d6 3. d4 cxd4 4. Nxd4 Nf6 5. Nc3 a6 6. Bg5 e6 7. f4 Be7 8.
Qf3 h6 9. Bh4 g5 10. fxg5 Nh7 11. g6 Bxh4+ 12. g3 Bf6 13. O-O-O Ng5 14.
gxf7+ Nxf7 15. Bh3 Qe7 16. Rhf1 Bxd4 17. Rxd4 Nc6 18. Rd2 e5 19. Bg2 Be6 20.
Rdf2 O-O-O 21. Nd5 Qg5+ 22. Kb1 Rhf8 23. Nb6+ Kc7 24. Na4 b5 25. Nc3 Nd4 26.
Qd1 Bc4 27. Nd5+ Bxd5 28. exd5 Rd7 29. c3 Qg6+ 30. Ka1 Rb8 31. cxd4 a5 32.
dxe5 Nxe5 33. Rc2+ Kb7 34. Rc1 Ka6 35. Qd4 Rb6 36. Be4 Qg4 37. Rf4 Qg5 38.
Bd3 Kb7 39. Be2 Re7 40. Qc3 Qg8 41. Rf2 Qxd5 42. Qc8+ Ka7 43. Rf8 Qb7 44.
Qc2 Rc6 45. Qd1 Rec7 46. Rxc6 Rxc6 47. a3 Qc7 48. Ka2 Rc5 49. Qh1 d5 50. Qf1
a4 51. Qf4 Qd6 52. Rf6 Qc7 53. Rf5 d4 54. Qxd4 Nd7 55. Rf7
{Black forfeits on time}
1-0

[Event "ICC tourney 2128 (3 2)"]
[Site "Internet Chess Club"]
[Date "2020.11.13"]
[Round "11"]
[White "bopala"]
[Black "lucachesschess"]
[Result "1-0"]
[ICCResult "Black checkmated"]
[WhiteElo "1453"]
[BlackElo "1438"]
[Opening "King's Indian: Sämisch, Panno main line"]
[ECO "E84"]
[NIC "KI.35"]
[Time "22:16:49"]
[TimeControl "180+2"]

1. d4 Nf6 2. c4 g6 3. Nc3 Bg7 4. e4 d6 5. f3 O-O 6. Be3 Nc6 7. Nge2 Rb8 8.
Qd2 a6 9. Rc1 e5 10. d5 Ne7 11. g4 b5 12. Ng3 bxc4 13. Bxc4 Bd7 14. h4 Bb5
15. Bxb5 axb5 16. h5 b4 17. Nb1 Qd7 18. Bh6 Qb5 19. hxg6 fxg6 20. Bxg7 Kxg7
21. Qh6+ Kg8 22. g5 Nh5 23. Nxh5 gxh5 24. Rxh5 Rf7 25. Rxc7 Rbf8 26. Qe6 Qe8
27. Nd2 Ng6 28. Rxf7 Qxf7 29. Qxd6 Nf4 30. Rh1 Qg7 31. Rg1 Nh3 32. Rg3 Nxg5
33. Kf2 h6 34. Kg2 Qf6 35. Qxf6 Rxf6 36. Nc4 Kg7 37. Nxe5 Rf8 38. f4 Rxf4
39. Nd3 Rxe4 40. Kf2 Rd4 41. Ke3 Rxd5 42. Nxb4 Rb5 43. Nd3 Kf6 44. a4 Ra5
45. b3 Kf5 46. Rg1 Ra8 47. Rf1+ Kg6 48. Rb1 Re8+ 49. Kf2 Ne4+ 50. Kg2 Kh7
51. b4 Rg8+ 52. Kh2 h5 53. b5 h4 54. b6 Rd8 55. b7 Rb8 56. a5 Nd6 57. a6 h3
58. a7 Rxb7 59. Rxb7+ Nxb7 60. a8=Q Nd6 61. Qa7+ Kg6 62. Qb6 Kf5 63. Qxd6
Ke4 64. Kxh3 Ke3 65. Qe5+ Kxd3 66. Kg3 Kc4 67. Qd6 Kc3 68. Kf3 Kb3 69. Ke3
Kc3 70. Qc5+ Kb3 71. Kd3 Kb2 72. Qb4+ Ka2 73. Kc3 Ka1 74. Qb2#
{Black checkmated}
1-0